[Event "*** Titled Tuesday Blitz"]
[Site "Chess.com"]
[Date "2019.11.05"]
[Round "9"]
[White "Zaven_ChessMood"]
[Black "Zhuu96"]
[Result "1-0"]
[WhiteElo "2875"]
[BlackElo "2968"]
[TimeControl "180+2"]
[EndTime "15:04:38 PST"]
[Termination "Zaven_ChessMood won by resignation"]

1. e4 c5 2. Nc3 d6 3. d4 cxd4 4. Qxd4 Nc6 5. Qd2 Nf6 6. b3 e6 7. Bb2 Be7 8. O-O-O a6 9. f4 O-O 10. Nf3 b5 11. Bd3 Bb7 12. g4 Nb4 13. g5 Nxd3+ 14. cxd3 Nd7 15. Kb1 Rc8 16. h4 d5 17. g6 hxg6 18. h5 b4 19. Nxd5 exd5 20. hxg6 fxg6 21. Qh2 Kf7 22. Qh7 Nf6 23. Qxg6+ Ke6 24. Nd4+ Kd7 25. Qf5+ Ke8 26. Ne6 Qb6 27. Nxg7+ Kf7 28. Rdg1 Rg8 29. Qg6+ Kf8 30. e5 d4 31. e6 1-0

[Event "*** Titled Tuesday Blitz"]
[Site "Chess.com"]
[Date "2019.11.05"]
[Round "9"]
[White "anesar92"]
[Black "TomasKapitanchuk"]
[Result "1-0"]
[WhiteElo "2689"]
[BlackElo "2516"]
[TimeControl "180+2"]
[EndTime "15:04:43 PST"]
[Termination "anesar92 won by resignation"]

1. e4 c5 2. Nf3 e6 3. d4 cxd4 4.
Nxd4 Nc6 5. Nc3 Qc7 6. Be2 Nf6 7.
Be3 Be7 8. f4 d6 9. g4 Nxd4 10.
Qxd4 e5 11. Qd2 exf4 12. Bxf4 O-O 13. g5 Ng4 14. Nd5 Qd8 15. O-O-O Re8 16. Bb5 Bd7 17. Bxd7 Qxd7 18. h3 Qa4 19. hxg4 Qxa2 20. Qh2 h6 21. gxh6 Qa1+ 22. Kd2 Qxb2 23. hxg7 Qxg7 24. Qh6 Bd8 25. Qxg7+ Kxg7 26. Kd3 Rc8 27. Rh5 Ba5 1-0

[Event "*** Titled Tuesday Blitz"]
[Site "Chess.com"]
[Date "2019.11.05"]
[Round "9"]
[White "TheFireChess"]
[Black "PawnEatingZombie"]
[Result "1-0"]
[WhiteElo "2515"]
[BlackElo "2172"]
[TimeControl "180+2"]
[EndTime "15:04:45 PST"]
[Termination "TheFireChess won by resignation"]

1. e4 c6 2. Nc3 d5 3. d3 dxe4 4. dxe4 Qxd1+ 5. Nxd1 e5 6. Bc4 Nd7 7. Be3 Bc5 8. Ne2 Ngf6 9. f3 O-O 10. Nc1 Bxe3 11.
Nxe3 Nc5 12. b4 Ne6 13. Nd3 Nd7 14. Kf2 Re8 15. Rhd1 Kf8 16. c3 f6 17. Nf5 Nb6 18. Bb3 a5 19. Bxe6 Bxe6 20. Nd6 Re7 21. Nc5 axb4 22. cxb4 Bc8 23. a4 Nd7 24. Nxc8 1-0

[Event "*** Titled Tuesday Blitz"]
[Site "Chess.com"]
[Date "2019.11.05"]
[Round "9"]
[White "Alopekos"]
[Black "albano87"]
[Result "0-1"]
[WhiteElo "2458"]
[BlackElo "2054"]
[TimeControl "180+2"]
[EndTime "15:05:03 PST"]
[Termination "albano87 won on time"]

1. e4 c5 2. Nc3 Nc6 3. Nge2 d6 4. d4 cxd4 5. Nxd4 Nf6 6. Bg5 Bd7 7. Bxf6 gxf6 8.
Qd2 Bg7 9. O-O-O Nxd4 10. Qxd4 Qb6 11. Qxb6 axb6 12. a3 Bc6 13. Nd5 Bxd5 14. exd5 f5 15.
Bd3 f4 16. Rde1 Be5 17. g3 h5 18. Re4 fxg3 19. hxg3 Ra5 20. c4 Rc5 21. b4 Rc7 22. Kd2 Bf6 23. Be2 Kd7 24. Bxh5 Ra8 25. Bg4+ Kd8 0-1

[Event "*** Titled Tuesday Blitz"]
[Site "Chess.com"]
[Date "2019.11.05"]
[Round "9"]
[White "Firouzja2003"]
[Black "HarutyunianTigranK"]
[Result "1-0"]
[WhiteElo "3065"]
[BlackElo "2825"]
[TimeControl "180+2"]
[EndTime "15:05:07 PST"]
[Termination "Firouzja2003 won on time"]

1. e4 e5 2. Nf3 Nc6 3. Bb5 a6 4. Ba4 Nf6 5. O-O Be7 6. Re1 b5 7. Bb3 d6 8. c3 O-O 9. h3 Re8 10. d4 Bf8 11. Nbd2 Bb7 12. a3 Na5 13. Ba2 h6 14. b4 Nc6 15. d5 Ne7 16. Nb3 c6 17. Na5 Qc7 18. dxc6 Bxc6 19. Nxc6 Qxc6 20. Qd3 Ng6 21.
Bd2 Rac8 22. Rac1 Nf4 23. Bxf4 exf4 24. e5 dxe5 25. Nxe5 Rxe5 26. Rxe5 Qc7 27. Qf5 Rd8 28. Re2 Rd6 29. c4 bxc4 30. Bxc4 Rc6 31. Rec2 Kh8 32. Bd3 Rxc2 33. Rxc2 Qd6 34. Rc8 g6 35. Qc5 1-0

[Event "*** Titled Tuesday Blitz"]
[Site "Chess.com"]
[Date "2019.11.05"]
[Round "9"]
[White "StephenDedalus83"]
[Black "Heineccius"]
[Result "0-1"]
[WhiteElo "2789"]
[BlackElo "2615"]
[TimeControl "180+2"]
[EndTime "15:05:13 PST"]
[Termination "Heineccius won by resignation"]

1. e4 c5 2. Nf3 e6 3. d4 cxd4 4. Nxd4 a6 5. Nc3 Qc7 6. Bd3 Nf6 7.
f4 b5 8. Qe2 Bb7 9. Bd2 Nc6 10.
Nb3 d6 11. a4 b4 12. Na2 d5 13.
e5 Nd7 14. Be3 Be7 15. O-O O-O 16. Nd4 Nxd4 17. Bxd4 Bc5 18. Qe3 a5 19. Nc1 Qb6 20.
Nb3 Bxd4 21. Qxd4 Ba6 22. Qxb6 Nxb6 23. Nd4 Rfc8 24. Nb5 Bxb5 25. axb5 a4 26. Kf2 a3 27. bxa3 bxa3 28. Ke3 Ra4 29. Rfb1 Kf8 30. g3 Ke7 31. Rb3 Rca8 32. Ra2 Kd7 33. h4 g6 34. Rb1 d4+ 35.
Ke2 Nd5 36. Rb3 Nc3+ 37. Rxc3 dxc3 38. Ke3 Rb4 39. Be4 Ra5 40. Bc6+ Kc7 41. Kd3 Rb2 42. Ra1 a2 43. Kxc3 Rb1 0-1

[Event "*** Titled Tuesday Blitz"]
[Site "Chess.com"]
[Date "2019.11.05"]
[Round "9"]
[White "GelmanAlexander"]
[Black "Last7Samurai"]
[Result "0-1"]
[WhiteElo "2522"]
[BlackElo "2691"]
[TimeControl "180+2"]
[EndTime "15:05:19 PST"]
[Termination "Last7Samurai won by resignation"]

1. e4 c5 2. b4 cxb4 3. a3 e5 4. f4 Nc6 5. Nf3 d5 6. exd5 Qxd5 7. axb4 Bxb4 8. c3 Bc5 9. fxe5 Nxe5 10. Bb5+ Kf8 11. d4 Nxf3+ 12. gxf3 Be7 13. Qe2 Bh4+ 14. Kd1 Bd7 15. Bc4 Qc6 16. Re1 Re8 17. Ba3+ Be7 18. Qd2 Qxc4 0-1

[Event "*** Titled Tuesday Blitz"]
[Site "Chess.com"]
[Date "2019.11.05"]
[Round "9"]
[White "VincentKeymer"]
[Black "Sjakkerntobi"]
[Result "1-0"]
[WhiteElo "2562"]
[BlackElo "2159"]
[TimeControl "180+2"]
[EndTime "15:05:19 PST"]
[Termination "VincentKeymer won by checkmate"]

1. Nf3 Nf6 2. b3 b6 3. Bb2 Bb7 4. g3 e6 5. Bg2 Be7 6. O-O O-O 7. c4 c5 8. Nc3 Nc6 9. e3 d5 10. cxd5 exd5 11. d4 Rc8 12. Rc1 cxd4 13. Nxd4 Nxd4 14.
Qxd4 Bc5 15. Qh4 Ne4 16. Qg4 f5 17. Qd1 Nxc3 18. Bxc3 Qd7 19. Qd2 Rfd8 20. Rfd1 Qf7 21. Bd4 Ba3 22. Bb2 Rxc1 23. Rxc1 Bxb2 24. Qxb2 Rc8 25. Rxc8+ Bxc8 26. Qc3 Bb7 27. h4 Qd7 28. Qe5 Kf7 29. h5 a5 30. Bf3 h6 31. Be2 Bc6 32. Bd3 Qe7 33. Qxf5+ Qf6 34. Qc8 Qe6 35. Bg6+ Kf6 36. Qf8+ Ke5 37. Qf4# 1-0

[Event "*** Titled Tuesday Blitz"]
[Site "Chess.com"]
[Date "2019.11.05"]
[Round "9"]
[White "RainForestt"]
[Black "wonderfultime"]
[Result "0-1"]
[WhiteElo "2575"]
[BlackElo "2948"]
[TimeControl "180+2"]
[EndTime "15:05:22 PST"]
[Termination "wonderfultime won by resignation"]

1. d4 Nf6 2. Nf3 e6 3. e3 b6 4. Bd3 Bb7 5. Nbd2 c5 6. b3 cxd4 7. exd4 Nd5 8. Bb2 Nf4 9. Bf1 Nc6 10. g3 Nd5 11. Bg2 Nf6 12. O-O Be7 13. c4 O-O 14.
Re1 d5 15. Rc1 Nb4 16. Ne5 Nxa2 17. Ra1 Nb4 18. Bc3 a5 19. Re3 Rc8 20. Nd3 Nxd3 21. Rxd3 Qd7 22. Qf3 dxc4 23. Qxb7 Rc7 24. Qxb6 cxd3 25.
Bxa5 Rc2 26. Nc4 Nd5 27. Bxd5 exd5 28. Ne5 Qf5 29. Rf1 d2 30. f3 Bg5 31. f4 Qe4 32.
fxg5 d1=Q 0-1

[Event "*** Titled Tuesday Blitz"]
[Site "Chess.com"]
[Date "2019.11.05"]
[Round "9"]
[White "temus_galaktionov"]
[Black "Crazy_girl99"]
[Result "1-0"]
[WhiteElo "2694"]
[BlackElo "2547"]
[TimeControl "180+2"]
[EndTime "15:05:29 PST"]
[Termination "temus_galaktionov won by checkmate"]

1. d4 d5 2. Nf3 c6 3. c4 Nf6 4.
Qb3 g6 5. Nc3 Bg7 6. Bg5 dxc4 7.
Qxc4 Be6 8. Qd3 O-O 9. e4 Nbd7 10.
Be2 Nb6 11. b3 h6 12. Bf4 Nh5 13. Be3 c5 14. d5 Rc8 15. Rc1 Bd7 16. O-O c4 17.
Qd2 cxb3 18. axb3 Kh7 19. h3 e6 20. e5 exd5 21. g4 Qe7 22. Rfe1 Bh8 23. gxh5 gxh5 24. Bd3+ Kg8 25. Bxb6 axb6 26. Nxd5 Qe6 27. Nf6+ Bxf6 28.
Qxh6 Bg7 29. Qh7# 1-0

[Event "*** Titled Tuesday Blitz"]
[Site "Chess.com"]
[Date "2019.11.05"]
[Round "9"]
[White "BIG_Pirate"]
[Black "vladimirdamjanovic"]
[Result "0-1"]
[WhiteElo "2437"]
[BlackElo "2594"]
[TimeControl "180+2"]
[EndTime "15:05:29 PST"]
[Termination "vladimirdamjanovic won by checkmate"]

1. Nf3 c5 2. c4 Nc6 3. Nc3 g6 4. g3 Bg7 5. Bg2 d6 6. O-O Bg4 7. a3 Qd7 8. Re1 h5 9. Rb1 h4 10. b4 hxg3 11. hxg3 Bh3 12. Bh1 Bf5 13. Rb3 Rxh1+ 14. Kxh1 Nf6 15. bxc5 dxc5 16. Kg1 O-O-O 17. Nd5 Rh8 18. Nxf6 Bxf6 19. Bb2 Bxb2 20. Rxb2 Be4 21. Nh4 Rxh4 22. f3 Rh8 23. Qb3 Nd4 24. Qe3 Qh3 25. Qxe4 Qxg3+ 26. Kf1 Rh1# 0-1

[Event "*** Titled Tuesday Blitz"]
[Site "Chess.com"]
[Date "2019.11.05"]
[Round "9"]
[White "Shield12"]
[Black "esskeettit"]
[Result "1-0"]
[WhiteElo "2797"]
[BlackElo "2452"]
[TimeControl "180+2"]
[EndTime "15:05:31 PST"]
[Termination "Shield12 won by checkmate"]

1. e4 c5 2. Nf3 Nc6 3. d4 cxd4 4. Nxd4 g6 5. c4 Nf6 6. Nc3 Bg7 7. Be3 O-O 8. Be2 d6 9. O-O Qa5 10. h3 Nxd4 11.
Bxd4 Be6 12. Rc1 Rfc8 13. b3 Nd7 14. Bxg7 Kxg7 15. f4 Nf6 16. Bd3 Bd7 17. Qe2 Nh5 18. Rf3 b5 19. cxb5 e5 20. Qb2 Nxf4 21. Rxf4 exf4 22.
Nd5+ Kh6 23. Rf1 Bxb5 24. Rxf4 Qe1+ 25. Rf1 Qa5 26. b4 Qa6 27. Rxf7 Bxd3 28. Qg7+ Kg5 29.
Qf6+ Kh5 30. Rxh7# 1-0

[Event "*** Titled Tuesday Blitz"]
[Site "Chess.com"]
[Date "2019.11.05"]
[Round "9"]
[White "LimeInTheCoconut"]
[Black "politeplayer"]
[Result "1-0"]
[WhiteElo "2462"]
[BlackElo "2242"]
[TimeControl "180+2"]
[EndTime "15:05:37 PST"]
[Termination "LimeInTheCoconut won by resignation"]

1. Nf3 Nf6 2. c4 g6 3. Nc3 Bg7 4. e4 d6 5. d4 O-O 6. Be2 e5 7. d5 a5 8. Bg5 h6 9. Be3 Ng4 10.
Bd2 f5 11. h3 Nxf2 12. Kxf2 fxe4 13. Nxe4 Qh4+ 14. Ke3 Qf4+ 15. Kd3 Qf7 16. g4 Na6 17. Rf1 b5 18. b3 bxc4+ 19. bxc4 Nc5+ 20. Nxc5 dxc5 21. Ng5 e4+ 22. Nxe4 Qd7 23. Rxf8+ Kxf8 24. Bc3 Ba6 25.
Bxg7+ Kxg7 26. Kc3 Re8 27. Bd3 Qe7 28. Qe1 Qe5+ 29.
Kc2 Qh2+ 30. Qd2 Qxh3 31. Qc3+ 1-0

[Event "*** Titled Tuesday Blitz"]
[Site "Chess.com"]
[Date "2019.11.05"]
[Round "9"]
[White "SerGo055"]
[Black "JonahWillow"]
[Result "1-0"]
[WhiteElo "2569"]
[BlackElo "2783"]
[TimeControl "180+2"]
[EndTime "15:05:40 PST"]
[Termination "SerGo055 won by resignation"]

1. d4 d5 2. Nf3 Nf6 3. c4 e6 4. Nc3 dxc4 5. e3 a6 6. a4 b6 7. Bxc4 Bb7 8. O-O c5 9. b3 Be7 10. Bb2 O-O 11. Rc1 Nbd7 12. d5 exd5 13. Nxd5 Nxd5 14.
Bxd5 Bxd5 15. Qxd5 Nf6 16. Qc4 Qc8 17. Rfd1 Qf5 18.
Ne5 Rfc8 19. Qxf7+ Kh8 20. Qxe7 Re8 21. Nf7+ Kg8 22. Nh6+ gxh6 23. Qxf6 Qxf6 24. Bxf6 Kf7 25. Bc3 Rad8 26. Kf1 b5 27. axb5 axb5 28. Rxd8 Rxd8 29. Ke2 Ke6 30. e4 Ra8 31. Ra1 Rg8 32. Ra6+ Kd7 33. g3 h5 34. f4 h4 35. Kf3 hxg3 36. hxg3 h5 37. f5 Ke7 38. Ra7+ Kd6 39. Ra6+ Ke7 40.
e5 b4 41. Ra7+ Ke8 42. Ra8+ Kf7 43. e6+ 1-0

[Event "*** Titled Tuesday Blitz"]
[Site "Chess.com"]
[Date "2019.11.05"]
[Round "9"]
[White "WorldChampionBulletChess"]
[Black "MikeSailer"]
[Result "0-1"]
[WhiteElo "2077"]
[BlackElo "2210"]
[TimeControl "180+2"]
[EndTime "15:05:52 PST"]
[Termination "MikeSailer won by resignation"]

1. Nf3 d5 2. d4 Nf6 3. a3 Bf5 4. h3 e6 5. Bg5 Be7 6. Nc3 c5 7. e3 O-O 8. Be2 h6 9. Bh4 Nbd7 10. g4 Be4 11. g5 hxg5 12. Bxg5 cxd4 13. Nxe4 Nxe4 14.
Bxe7 Qxe7 15. Qxd4 Rfc8 16. c3 Ndc5 17. Rg1 f6 18.
Qd1 Rd8 19. Nd4 a6 20. h4 b5 21. Nc6 Qd6 22. Nxd8 Rxd8 23. f3 Qh2 24. fxe4 Qxg1+ 25. Kd2 dxe4+ 0-1

[Event "*** Titled Tuesday Blitz"]
[Site "Chess.com"]
[Date "2019.11.05"]
[Round "9"]
[White "MathiasWomacka"]
[Black "FearNoEvil12"]
[Result "0-1"]
[WhiteElo "2296"]
[BlackElo "1992"]
[TimeControl "180+2"]
[EndTime "15:05:54 PST"]
[Termination "FearNoEvil12 won on time"]

1. e4 a6 2. d4 b5 3. Nf3 Bb7 4.
Bd3 e6 5. O-O Nf6 6. Qe2 d6 7. a4 b4 8. a5 Nbd7 9. Nbd2 h6 10. e5 Nd5 11. Nc4 g5 12. Bd2 Rg8 13.
c3 g4 14. Ne1 b3 15. Ra3 dxe5 16. Rxb3 Bc6 17. Nxe5 Nxe5 18. Qxe5 Bd6 19. Qh5 Qf6 20.
Be4 Kd7 21. Nd3 Ba4 22. Bxd5 exd5 23. Qxd5 Bxb3 24. Qxb3 Rab8 25. Qc4 h5 26. Ne5+ Bxe5 27. dxe5 Qc6 28. Qxf7+ Kc8 29. Qxg8+ Kb7 30. Qf7 Ka8 31. e6 g3 32. hxg3 h4 0-1

[Event "*** Titled Tuesday Blitz"]
[Site "Chess.com"]
[Date "2019.11.05"]
[Round "9"]
[White "ExploringChess"]
[Black "Denis_Makhnyov"]
[Result "1-0"]
[WhiteElo "2746"]
[BlackElo "2899"]
[TimeControl "180+2"]
[EndTime "15:05:57 PST"]
[Termination "ExploringChess won by checkmate"]

1. e4 e5 2. Nf3 Nc6 3. Bc4 Bc5 4. c3 Nf6 5. d4 exd4 6. O-O d5 7. exd5 Nxd5 8.
cxd4 Be7 9. Bxd5 Qxd5 10. Nc3 Qd8 11. d5 Nb8 12. Bf4 O-O 13. Nb5 Bd6 14. Nxd6 cxd6 15. Re1 Na6 16. Qd4 Bf5 17. Rac1 Qd7 18. h3 Rfe8 19.
Nh4 Bg6 20. Nxg6 hxg6 21. Rxe8+ Rxe8 22. Qxa7 Nc5 23. Be3 Nd3 24. Rc2 Qb5 25. Qd4 Nb4 26. Rc4 Nxa2 27. Ra4 Nc1 28. Bxc1 Re1+ 29. Kh2 Rxc1 30.
Ra8+ Rc8 31. Rxc8+ Qe8 32. Rxe8+ Kh7 33. Qh4# 1-0

[Event "*** Titled Tuesday Blitz"]
[Site "Chess.com"]
[Date "2019.11.05"]
[Round "9"]
[White "Guenplen"]
[Black "Gabrielian_Artur"]
[Result "1-0"]
[WhiteElo "2976"]
[BlackElo "2822"]
[TimeControl "180+2"]
[EndTime "15:06:05 PST"]
[Termination "Guenplen won by resignation"]

1. Nf3 Nf6 2. c4 g6 3. Nc3 Bg7 4. g3 O-O 5. Bg2 d6 6. d4 Nbd7 7. O-O e5 8. Qc2 Re8 9. Rd1 c6 10.
e4 exd4 11. Nxd4 Nc5 12. Bf4 Bg4 13. Rd2 Qe7 14. Nxc6 bxc6 15. Bxd6 Qe6 16. Bxc5 Qxc4 17. Bd6 Nd7 18. h3 Bxh3 19. Bxh3 Ne5 20. Bxe5 Bxe5 21. Bf1 Qc5 22. Na4 Qa5 23. Rad1 Rab8 24. b3 Bg7 25. Qc5 Qb4 26. Qxb4 Rxb4 27. f3 Bf6 28. Bc4 Re7 29. Rd7 Rb7 30. Rxb7 Rxb7 31. Kg2 Kg7 32. f4 1-0

[Event "*** Titled Tuesday Blitz"]
[Site "Chess.com"]
[Date "2019.11.05"]
[Round "9"]
[White "saraswathii"]
[Black "medalja"]
[Result "1-0"]
[WhiteElo "2239"]
[BlackElo "2369"]
[TimeControl "180+2"]
[EndTime "15:06:06 PST"]
[Termination "saraswathii won by resignation"]

1. d4 Nf6 2. Bf4 d5 3. e3 c5 4. c3 e6 5. Nd2 Bd6 6. Bg3 O-O 7. Ngf3 Qc7 8. Bd3 b6 9. O-O Ba6 10.
Bxa6 Nxa6 11. Qe2 Nb8 12. Ne5 Nbd7 13. f4 Ne4 14. Nxe4 dxe4 15. Qc2 Bxe5 16. fxe5 Qc6 17. Bh4 f5 18. exf6 Nxf6 19. Rf4 cxd4 20. exd4 e5 21. dxe5 Qc5+ 22. Qf2 e3 23. Qe2 Qxe5 24. Raf1 g5 25.
Rf5 Qe4 26. Rxg5+ Kh8 27. Rxf6 Rxf6 28. Rg4 Rf4 29. Bf6+ Rxf6 30. Rxe4 Raf8 31. Rxe3 a5 32. Re8 a4 33. Qe5 Kg8 34. Rxf8+ Rxf8 35. Qe6+ Kg7 36. Qxb6 1-0

[Event "*** Titled Tuesday Blitz"]
[Site "Chess.com"]
[Date "2019.11.05"]
[Round "9"]
[White "isla88"]
[Black "semchik73"]
[Result "0-1"]
[WhiteElo "2190"]
[BlackElo "2405"]
[TimeControl "180+2"]
[EndTime "15:06:22 PST"]
[Termination "semchik73 won by resignation"]

1. c4 e5 2. Nc3 Nf6 3. Nf3 Nc6 4. e3 Bb4 5. Qc2 O-O 6. Nd5 d6 7. a3 Ba5 8. b4 Bb6 9. Ng5 g6 10. Nxf6+ Qxf6 11. Ne4 Qe7 12. Bb2 f5 13. Nc3 Be6 14. Nd5 Bxd5 15. cxd5 Nd8 16. Be2 c6 17. dxc6 Nxc6 18.
Bc4+ Kg7 19. O-O Rac8 20. Qb3 Rfd8 21. f4 Kf8 22. fxe5 dxe5 23. Be6 Rc7 24. a4 Rxd2 25. Ba3 Nd8 26. Bd5 Qg5 27. b5+ Kg7 28. Rae1 Rcc2 29.
a5 Rxg2+ 0-1

[Event "*** Titled Tuesday Blitz"]
[Site "Chess.com"]
[Date "2019.11.05"]
[Round "9"]
[White "Svet99"]
[Black "Rhinos1"]
[Result "0-1"]
[WhiteElo "2136"]
[BlackElo "2072"]
[TimeControl "180+2"]
[EndTime "15:06:30 PST"]
[Termination "Rhinos1 won by resignation"]

1. c4 e5 2. Nc3 Nc6 3. g3 g6 4. Bg2 Bg7 5. e4 d6 6. Nge2 Nf6 7. d3 O-O 8. O-O Nh5 9. h3 Nd4 10. Nxd4 exd4 11. Nd5 c6 12. Nf4 Nxf4 13. gxf4 Qh4 14. Qf3 f5 15. Qg3 Qh5 16. Bd2 Bd7 17. Rae1 Rae8 18.
Qg5 Qxg5 19. fxg5 f4 20. f3 Re5 21. h4 h6 22. gxh6 Bxh6 23. Kf2 b5 24. b3 Ra8 25. Rh1 a5 26. Rc1 a4 27. cxb5 Rxb5 28. b4 a3 29. Rc4 c5 30. h5 Be6 31. Rc2 g5 32. bxc5 dxc5 33. Rhc1 Bf8 34. Rd1 Rb2 35. Rxb2 axb2 36. Rb1 Rxa2 37. Bf1 Bb3 38. Be2 Bc2 0-1

[Event "*** Titled Tuesday Blitz"]
[Site "Chess.com"]
[Date "2019.11.05"]
[Round "9"]
[White "LuckIsMySkill"]
[Black "Indianlad"]
[Result "1/2-1/2"]
[WhiteElo "2770"]
[BlackElo "2997"]
[TimeControl "180+2"]
[EndTime "15:06:38 PST"]
[Termination "Game drawn by repetition"]

1. f4 d5 2. b3 c5 3. Nf3 d4 4.
e3 dxe3 5. dxe3 Qxd1+ 6. Kxd1 Nc6 7. e4 Nf6 8. Bd3 Bg4 9. Nd2 O-O-O 10. Ke2 e5 11. f5 g6 12. h3 Bxf3+ 13. Kxf3 Nb4 14. fxg6 hxg6 15. Rf1 Bh6 16. Nc4 Bxc1 17. Raxc1 Rhe8 18. Ke3 Re6 19. Be2 Nxa2 20. Ra1 Nc3 21. Bg4 Nxg4+ 22. hxg4 a6 23. Rxf7 Rd4 24. Rh1 Rd7 25. Rf8+ Rd8 26.
Rf7 b5 27. Rhh7 bxc4 28. Rc7+ Kb8 29. Rb7+ Ka8 30. Ra7+ Kb8 31. Rab7+ Ka8 32. Ra7+ Kb8 33. Rab7+ 1/2-1/2

[Event "*** Titled Tuesday Blitz"]
[Site "Chess.com"]
[Date "2019.11.05"]
[Round "9"]
[White "StockholmMissile"]
[Black "Alex_Terzi"]
[Result "1-0"]
[WhiteElo "2325"]
[BlackElo "2484"]
[TimeControl "180+2"]
[EndTime "15:06:40 PST"]
[Termination "StockholmMissile won by checkmate"]

1. d4 Nf6 2. c4 c5 3. d5 b5 4. Qc2 b4 5. b3 g6 6. Bb2 Bg7 7. e4 d6 8. a4 O-O 9. Nd2 e5 10. Be2 h6 11. O-O-O Nbd7 12. Kb1 Nh7 13. Ka2 f5 14. exf5 gxf5 15. g4 fxg4 16. Bxg4 Ndf6 17.
Bxc8 Qxc8 18. Ne2 Qg4 19. f3 Qh5 20. Ng3 Qh3 21. Qg6 Rf7 22. Rhg1 Ng5 23. Nf5 Rd8 24. Nxg7 Rxg7 25. Qxf6 Rdd7 26. Ne4 Nxe4 27. fxe4 Qxh2 28. Rxg7+ Rxg7 29. Rf1 Qc2 30. Qxd6 Kh7 31. Qxe5 Rg2 32. Rf7+ Kg6 33. Rg7# 1-0

[Event "*** Titled Tuesday Blitz"]
[Site "Chess.com"]
[Date "2019.11.05"]
[Round "9"]
[White "vinniethepooh"]
[Black "MartinZumsande"]
[Result "1-0"]
[WhiteElo "2700"]
[BlackElo "2563"]
[TimeControl "180+2"]
[EndTime "15:06:47 PST"]
[Termination "vinniethepooh won by resignation"]

1. e4 e6 2. g3 d5 3. Bg2 Nf6 4.
e5 Nfd7 5. f4 c5 6. Nf3 Nc6 7.
O-O Be7 8. b3 O-O 9. Bb2 b5 10.
a4 b4 11. d3 Bb7 12. Nbd2 a5 13. Kh1 f5 14. exf6 Bxf6 15. Qc1 e5 16. Ng5 Bxg5 17. Bxd5+ Kh8 18. fxg5 Qxg5 19. Ne4 Qg6 20. Qg5 Nb6 21. Qxg6 hxg6 22. Nxc5 Nxd5 23. Nxb7 Ne3 24.
Rxf8+ Rxf8 25. Rc1 Rf2 26. Nd6 Nd4 27. Bxd4 exd4 28.
Nc4 Ng4 29. h3 Rh2+ 30. Kg1 Rxh3 31. Kg2 Rh2+ 32. Kf3 Nf6 33. Ne5 Nd5 34. Nxg6+ Kh7 35. Ne5 Ne3 36. Nc4 Rxc2 37. Rxc2 Nxc2 38. Nxa5 Kg6 39.
Ke4 Kf6 40. Nc6 Ke6 41. Nxd4+ Nxd4 42. Kxd4 Kd6 43. Kc4 1-0

[Event "*** Titled Tuesday Blitz"]
[Site "Chess.com"]
[Date "2019.11.05"]
[Round "9"]
[White "davigator"]
[Black "HrvojeZagreb"]
[Result "0-1"]
[WhiteElo "2273"]
[BlackElo "2179"]
[TimeControl "180+2"]
[EndTime "15:06:49 PST"]
[Termination "HrvojeZagreb won by resignation"]

1. e4 e6 2. d4 d5 3. Nc3 dxe4 4. Nxe4 Nd7 5. Nf3 Ngf6 6. Ng3 b6 7.
Bd3 Bb7 8. Qe2 c5 9. dxc5 Bxc5 10.
Bd2 O-O 11. O-O-O Qc7 12. c4 b5 13. Kb1 bxc4 14. Bxc4 Rab8 15. Bc3 Bd5 16. Ne5 Bxf2 17. Bd3 Qxc3 18. Nxd7 Nxd7 19. Qxf2 Rxb2+ 20. Qxb2 Rb8 21. Qxb8+ Nxb8 22. Ne2 Qb4+ 23. Kc1 Nc6 24. Rd2 Ne5 25.
Bb1 Nc4 26. Rc2 Qa3+ 27. Kd1 Ne3+ 28. Kd2 Nxc2 29. Bxc2 Qxa2 30. Nc3 Qa5 31. Rg1 g6 32. g3 e5 33. Re1 f6 34. Rd1 Be6 35. Rb1 f5 36.
Rb5 Qc7 37. Bd3 Qd6 38. Kc2 e4 39. Be2 h5 40. Rb7 a5 41. Ra7 Qc5 42. Ra6 Bf7 43.
h4 Qf2 44. Rxa5 Qxg3 45. Ra8+ Kg7 46. Ra7 Qxh4 47. Bc4 Qf2+ 48. Kb3 Qxa7 49. Nb5 Bxc4+ 50. Kxc4 Qa6 51. Kc5 Qxb5+ 52. Kxb5 h4 53. Kc4 h3 54. Kd4 h2 0-1

[Event "*** Titled Tuesday Blitz"]
[Site "Chess.com"]
[Date "2019.11.05"]
[Round "9"]
[White "zim0ne"]
[Black "GasconJR"]
[Result "0-1"]
[WhiteElo "2605"]
[BlackElo "2477"]
[TimeControl "180+2"]
[EndTime "15:06:51 PST"]
[Termination "GasconJR won by resignation"]

1. Nf3 Nf6 2. c4 g6 3. g3 Bg7 4. Bg2 O-O 5. d4 d6 6. O-O Nbd7 7. Nc3 e5 8. e4 exd4 9. Nxd4 Re8 10. h3 a6 11. a4 Ne5 12. b3 Nfd7 13. f4 Nc6 14. Be3 Nc5 15. Nxc6 bxc6 16. Rc1 Bxc3 17. Bxc5 Bg7 18.
Bf2 Rb8 19. Qd3 c5 20. Rcd1 Qe7 21. Rfe1 Bb7 22. h4 Qe6 23. e5 Bxg2 24. Kxg2 dxe5 25.
fxe5 Qc6+ 26. Qd5 Qxd5+ 27. Rxd5 Rxb3 28. Rxc5 Rb4 29. Rxc7 Rxa4 30. c5 Rc4 31. c6 Bxe5 32. h5 gxh5 33. Re4 Rxe4 34. Rd7 Rc4 35. Rd5 Rxc6 36.
Be3 Rg6 0-1

[Event "*** Titled Tuesday Blitz"]
[Site "Chess.com"]
[Date "2019.11.05"]
[Round "9"]
[White "NoGalloNoParty"]
[Black "Irishchessman16"]
[Result "0-1"]
[WhiteElo "2273"]
[BlackElo "2210"]
[TimeControl "180+2"]
[EndTime "15:06:52 PST"]
[Termination "Irishchessman16 won by resignation"]

1. d4 Nf6 2. Nf3 e6 3. c4 d5 4.
g3 dxc4 5. Bg2 Nc6 6. O-O Rb8 7.
e3 b5 8. b3 Ba6 9. a4 bxa4 10.
bxc4 Bxc4 11. Qxa4 Bb5 12. Qd1 Bxf1 13. Qxf1 Bd6 14.
Nc3 O-O 15. Nb5 Nd5 16. e4 Ndb4 17. Nxa7 Nxa7 18. Rxa7 c5 19. e5 Be7 20. Be3 Nd5 21. Bd2 Qb6 22. Ra1 cxd4 23. h4 Bc5 24. Qd3 Qb5 25.
Qe4 Qb2 26. Re1 Nc3 27. Qg4 d3 28. h5 Ne2+ 29. Kf1 f5 30. exf6 Qxf6 31. Qc4 Nd4 32. Qxc5 Nxf3 33. Bc3 d2 34. Rd1 Qf5 35. Qxf5 Rxf5 36.
Bxf3 Rxf3 37. Rxd2 Rxc3 0-1

[Event "*** Titled Tuesday Blitz"]
[Site "Chess.com"]
[Date "2019.11.05"]
[Round "9"]
[White "Taron_Shagbazyan"]
[Black "Witik"]
[Result "0-1"]
[WhiteElo "2700"]
[BlackElo "2602"]
[TimeControl "180+2"]
[EndTime "15:06:53 PST"]
[Termination "Witik won by resignation"]

1. d4 d5 2. c4 e6 3. Nc3 c6 4.
Nf3 dxc4 5. a4 Bb4 6. e3 b5 7. Bd2 a5 8. axb5 Bxc3 9. Bxc3 cxb5 10. b3 Bb7 11. bxc4 b4 12. Bb2 Nf6 13. Be2 Nbd7 14.
O-O Qc7 15. c5 O-O 16. h3 Bc6 17. Ra4 Rfb8 18. Nd2 e5 19. Nc4 Bxa4 20. Qxa4 exd4 21. exd4 b3 22. Bc3 Nd5 23. Bxa5 Nc3 24. Bxc7 Nxe2+ 25. Kh2 Rxa4 26. Bxb8 Rxc4 27. Re1 b2 28. Rb1 Rc2 29. c6 Nb6 30. c7 Nc3 31. Re1 Re2 0-1

[Event "*** Titled Tuesday Blitz"]
[Site "Chess.com"]
[Date "2019.11.05"]
[Round "9"]
[White "platy3"]
[Black "SaraciNderim"]
[Result "1-0"]
[WhiteElo "2911"]
[BlackElo "2828"]
[TimeControl "180+2"]
[EndTime "15:06:55 PST"]
[Termination "platy3 won by resignation"]

1. e4 e5 2. Nf3 Nc6 3. Bb5 a6 4. Ba4 g6 5. O-O Bg7 6. c3 d6 7. d4 Bd7 8. Re1 Nge7 9. d5 Nb8 10. c4 O-O 11. Be3 Bxa4 12. Qxa4 Nd7 13. Nfd2 f5 14.
f3 f4 15. Bf2 g5 16. b4 a5 17. Nc3 axb4 18. Qxb4 b6 19. a4 Nc5 20. Bxc5 dxc5 21. Qb1 h5 22. a5 bxa5 23. Nb3 Qd6 24. Rxa5 c6 25. Qa2 Rxa5 26. Qxa5 Rc8 27. Rd1 Bf8 28. Qa6 Qb8 29. Qa4 Qb4 30. Rd3 cxd5 31. exd5 Nf5 32.
Qa6 Nd6 33. Nd2 Rb8 34. Nce4 Rb6 35. Qa1 Nxc4 36. Nxc4 Qxc4 37. Rd1 Rb2 38. Qxb2 1-0